Map: Odyssey LE

Players

Archenemy

  • Race: Terran Terran
  • League: Master
  • Spawn Location: 11:00

SUAREZ - Winner!

  • Race: Zerg Zerg
  • League: Master
  • Spawn Location: 5:00

VOD

Have the link to the VOD?

Description

Time

  • Played on: July 16, 2017, 12:54 a.m.
  • Length: 11:06
Show
View Real Time Build Order
Export as new Build Order

Archenemy Terran 

Build Orders: Hellion Banshee, MMM Bio 

Get SALT Encoding   

  12  0:02  SCV  
  13  0:14  SCV  
  14  0:18  Supply Depot  
  14  0:26  SCV  
  15  0:29  Refinery  
  15  0:39  SCV  
  16  0:45  Barracks  
  16  0:51  SCV  
  17  1:03  SCV  
  18  1:15  SCV  
  20  1:32  Reaper  
  20  1:33  Orbital Command  
  20  1:44  Command Center  
  20  1:56  Factory  
  20  1:59  SCV  
  21  2:03  Refinery  
  21  2:08  Barracks Reactor  
  21  2:11  SCV  
  22  2:18  Supply Depot  
  22  2:23  SCV  
  23  2:40  SCV  
  23  2:43  Starport  
  24  2:49  Hellion x2  
  28  2:52  SCV  
  28  2:57  Orbital Command  
  29  3:04  SCV  
  29  3:05  Barracks Tech Lab  
  30  3:12  Hellion  
  32  3:16  SCV  
  32  3:17  Hellion  
  35  3:25  Viking  
  37  3:27  SCV  
  37  3:32  Supply Depot  
  38  3:37  SCV  
  38  3:40  SCV  
  40  3:49  SCV  
  40  3:52  SCV  
  42  3:55  Supply Depot  
  42  3:59  Hellion x2  
  42  4:01  SCV  
  47  4:04  Cloaking Field, Banshee  
  47  4:08  SCV  
  51  4:13  SCV  
  52  4:20  SCV  
  52  4:22  Supply Depot  
  52  4:24  Hellion x2  
  57  4:25  SCV  
  57  4:28  Supply Depot  
  58  4:32  SCV  
  58  4:36  Barracks Tech Lab  
  59  4:44  SCV  
  59  4:46  Command Center  
  59  4:52  Banshee  
  62  4:59  Marine, SCV  
  64  5:05  Engineering Bay  
  64  5:06  Engineering Bay  
  64  5:15  Barracks  
  64  5:16  Stimpack  
  64  5:19  Barracks, Factory Reactor  
  64  5:26  Marine  
  65  5:30  Refinery  
  65  5:32  Refinery  
  65  5:37  SCV  
  66  5:55  SCV x2  
  66  5:57  Terran Infantry Weapons Level 1, Terran Infantry Armor Level 1  
  66  6:00  Barracks  
  66  6:03  Barracks  
  67  6:04  Orbital Command  
  67  6:07  SCV  
  67  6:10  Factory Reactor  
  67  6:11  Starport Reactor  
  67  6:15  SCV  
  67  6:17  Marine x2  
  70  6:19  SCV  
  70  6:22  Supply Depot  
  70  6:24  Supply Depot  
  71  6:27  SCV  
  71  6:29  SCV  
  71  6:31  SCV  
  71  6:32  Marine x3  
  76  6:37  Armory  
  76  6:39  SCV  
  78  6:41  SCV  
  78  6:43  SCV  
  78  6:45  Marine x2  
  78  6:46  Supply Depot  
  82  6:50  Marine  
  82  6:53  Widow Mine x2  
  87  6:54  Barracks Reactor  
  87  6:55  Barracks Reactor  
  87  6:57  Marine, Medivac, Factory, Marauder  
  87  6:58  Medivac  
  94  7:01  Orbital Command, SCV  
  95  7:10  Marine x3  
  95  7:11  SCV  
  95  7:12  Bunker  
  95  7:13  SCV  
  100  7:17  Combat Shields  
  100  7:23  Widow Mine, Bunker, SCV  
  100  7:26  SCV x2  
  105  7:35  SCV  
  106  7:38  Marine x6, Widow Mine  
  106  7:39  Medivac  
  106  7:41  Medivac  
  117  8:01  Supply Depot  
  117  8:03  Supply Depot x2  
  117  8:16  Terran Infantry Weapons Level 2  
  117  8:18  Terran Infantry Armor Level 2  
  117  8:23  Marine x7, SCV  
  117  8:24  Marine x2, Medivac x2, SCV x2  
  136  8:36  SCV  
  136  8:41  Marine x4  
  141  8:46  Marine x2  
  141  8:48  Marine x2  
  140  8:50  Siege Tank  
  140  8:53  SCV x2  
  141  8:56  Barracks  
  141  8:57  Barracks  
  141  8:58  Supply Depot  
  141  8:59  Factory Tech Lab, Refinery x2, Supply Depot  
  141  9:00  Barracks, Supply Depot x2  
  141  9:11  Command Center  
  141  9:20  Marine x5, Medivac, SCV  
  141  9:21  Marine, SCV x2  
  152  9:24  Marine x3  
  152  9:25  Siege Tank x2  
  152  9:27  Supply Depot  
  152  9:30  Sensor Tower, Supply Depot  
  161  9:34  Medivac  
  163  9:43  Marine x5  
  163  9:45  Barracks Tech Lab  
  168  9:46  Barracks Tech Lab  
  168  9:57  Siege Tank  
  168  10:01  Marine x2, Marauder  
  168  10:06  Marine x9, Marauder  
  150  10:08  Medivac x2  
  121  10:18  Marine x2  
  123  10:22  Marauder  
  123  10:24  Marine x3  
  126  10:29  Marine x3  
  126  10:30  Marine x4  
  133  10:36  Marine  
  133  10:38  Marine  
  133  10:41  Marine x2  
  133  10:42  Marine  
  138  10:43  Marine  
  138  10:47  Marine x4  
Show
View Real Time Build Order
Export as new Build Order

SUAREZ Zerg - Winner!

Build Orders: Hatch First 

Get SALT Encoding   

  12  0:01  Drone  
  13  0:13  Overlord  
  13  0:18  Drone  
  14  0:32  Drone x2  
  14  0:35  Drone  
  17  0:54  Drone, Hatchery  
  17  0:58  Drone  
  18  1:08  Extractor  
  17  1:12  Spawning Pool  
  17  1:15  Drone  
  17  1:19  Drone  
  18  1:29  Drone  
  19  1:43  Overlord  
  19  1:59  Queen  
  19  2:00  Zergling x2  
  22  2:02  Zergling x2  
  22  2:06  Zergling x2, Queen  
  26  2:11  Metabolic Boost  
  26  2:13  Drone  
  27  2:18  Drone  
  28  2:23  Drone  
  28  2:28  Drone  
  30  2:34  Overlord  
  30  2:37  Queen  
  30  2:39  Drone  
  33  2:46  Drone  
  36  2:56  Pneumatized Carapace  
  36  2:58  Drone x2  
  36  3:00  Drone  
  37  3:06  Overlord  
  37  3:08  Drone x2  
  37  3:09  Drone  
  40  3:16  Drone x4  
  44  3:29  Hatchery  
  43  3:42  Queen  
  43  3:43  Drone x5  
  50  3:49  Zergling x4  
  50  3:50  Overlord  
  50  3:55  Overlord  
  52  4:04  Overlord  
  52  4:05  Overlord  
  52  4:12  Evolution Chamber x2  
  50  4:18  Drone  
  50  4:19  Drone x7  
  58  4:28  Overlord  
  58  4:30  Drone  
  59  4:33  Extractor  
  59  4:34  Drone  
  59  4:37  Drone x3  
  59  4:38  Zerg Melee Weapons Level 1, Zerg Ground Armor Level 1  
  62  4:42  Queen  
  62  4:45  Drone  
  65  4:50  Queen  
  65  4:52  Zergling x6  
  70  4:57  Overlord  
  70  4:58  Overlord  
  69  5:02  Drone x3  
  69  5:06  Zergling x2  
  73  5:10  Overlord  
  73  5:14  Lair  
  73  5:23  Zergling x8  
  73  5:24  Zergling x4  
  73  5:25  Drone x5  
  84  5:32  Drone  
  84  5:33  Spore Crawler  
  84  5:34  Spore Crawler  
  83  5:35  Spore Crawler  
  83  5:41  Drone x2  
  83  5:42  Drone x3  
  84  5:54  Drone  
  84  5:55  Drone x5  
  83  6:02  Queen  
  83  6:05  Drone x6  
  83  6:09  Extractor x2  
  87  6:15  Hatchery  
  86  6:20  Hydralisk Den  
  86  6:23  Extractor, Overlord x4  
  86  6:24  Overseer, Hatchery  
  83  6:42  Zergling x14  
  90  6:47  Hatchery  
  90  6:53  Hydralisk x7, Muscular Augments  
  99  7:01  Drone x3  
  105  7:02  Drone  
  105  7:03  Extractor  
  105  7:06  Zerg Melee Weapons Level 2  
  105  7:10  Drone  
  105  7:11  Baneling Nest  
  105  7:14  Overlord x2  
  105  7:21  Hydralisk x3  
  111  7:33  Hydralisk x3  
  111  7:34  Hydralisk  
  118  7:52  Drone x11  
  118  7:53  Drone x3  
  118  7:54  Centrifical Hooks, Overlord x2  
  132  8:01  Zerg Ground Armor Level 2  
  132  8:08  Hydralisk x2  
  132  8:10  Queen  
  132  8:11  Zergling x6  
  132  8:12  Zergling x10  
  146  8:13  Overlord x3  
  146  8:20  Extractor  
  146  8:23  Hydralisk x2  
  146  8:24  Zergling x2, Hydralisk  
  146  8:25  Zergling x8  
  154  8:36  Zergling x24  
  154  8:38  Spore Crawler  
  154  8:40  Baneling  
  154  8:41  Baneling x5  
  164  8:42  Zergling x4  
  164  8:54  Drone  
  165  9:00  Infestation Pit, Zergling x30  
  179  9:08  Drone  
  180  9:15  Drone  
  180  9:25  Overlord x3  
  180  9:27  Hatchery  
  179  9:44  Zergling x12  
  179  9:45  Zergling x28  
  199  9:47  Hive  
  199  9:49  Burrow  
  199  9:50  Baneling x15  
  199  9:51  Baneling x7  
  199  9:54  Zergling x2  
  197  10:05  Zergling x2  
  197  10:06  Zergling x28  
  173  10:19  Zergling x6  
  173  10:20  Zergling x14  
  183  10:25  Baneling  
  183  10:26  Baneling x16  
  183  10:29  Zergling x12  
  183  10:35  Zergling x14  
  195  10:45  Zergling x8  
Tags
 
Add a new tag
Caveats
  • Supply blocks, unpowered buildings, or Contaminate may cause inaccurate times.
  • Supply counts are checked every 10 seconds.